 Dungeon Crawl Stone Soup version 0.28-a0-793-g31680bbd8b (webtiles) character file.

Game seed: 4462161433787910617

296 siradein the Skirmisher (level 6, -6/48 HPs)
             Began as a Demonspawn Berserker on Nov 5, 2021.
             Was a Believer of Trog.
             Killed from afar by an orc wizard (9 damage)
             ... with a magic dart
             ... on level 4 of the Dungeon.
             The game lasted 00:10:31 (3662 turns).

siradein the Skirmisher (Demonspawn Berserker)      Turns: 3662, Time: 00:10:32

Health: -6/48      AC:  9    Str: 18    XL:     6   Next: 12%
Magic:  6/6        EV: 12    Int:  8    God:    Trog [**....]
Gold:   184        SH:  0    Dex: 14    Spells: 5/5 levels left

rFire   x . .      SeeInvis .   f - +1 flail (protect)
rCold   + . .      Faith    .   (no shield)
rNeg    . . .      Spirit   .   t - +0 chain mail
rPois   .          Reflect  .   (no helmet)
rElec   .          Harm     .   (no cloak)
rCorr   .          Rampage  .   (no gloves)
Will    .....                   (no boots)
Stlth   ..........              (no amulet)
HPRegen 0.16/turn               b - ring of ice
MPRegen 0.10/turn               p - +4 ring of evasion

@: very slow
A: powered by pain 2
a: Renounce Religion, Berserk, Trog's Hand


You were on level 4 of the Dungeon.
You worshipped Trog.
Trog was pleased with you.
You visited 1 branch of the dungeon, and saw 4 of its levels.

You collected 184 gold pieces.

Inventory:

Hand Weapons
 a - a +0 hand axe
 f - a +1 flail of protection (weapon)
Missiles
 i - 4 atropa-tipped darts (quivered)
 s - 3 datura-tipped darts
Armour
 t - a +0 chain mail (worn)
Jewellery
 b - a ring of ice (left hand)
 p - a +4 ring of evasion (right hand)
Wands
 n - a wand of flame (10)
Scrolls
 d - a scroll of vulnerability {unknown}
 e - a scroll of identify {unknown}
 h - a scroll of noise {unknown}
 j - a scroll of immolation {unknown}
 k - a scroll of holy word {unknown}
 r - a scroll of acquirement {unknown}
Potions
 c - a potion of might {unknown}
 g - a potion of mutation {unknown}
 l - 2 potions of flight {unknown}
 m - a potion of brilliance {unknown}
 o - a potion of berserk rage {unknown}
 q - a potion of heal wounds {unknown}


   Skills:
 + Level 4.3 Fighting
 + Level 3.9 Axes
 + Level 3.2 Armour
 + Level 3.2 Dodging


You had 5 spell levels left.
You didn't know any spells.
Your spell library was empty.

Dungeon Overview and Level Annotations

Branches:
Dungeon (4/15)
 Temple: D:4-7

Altars:
Gozag
Sif Muna

Shops:
D:3 [

Annotations:
D:3 3 runed translucent doors, Encipher's ghost, amateur DrTm


Innate Abilities, Weirdness & Mutations

You sometimes gain power by taking damage.


Message History

No target in view!
No target in view!
No target in view!
No target in view!
Your unstable footing causes you to fumble your attack.
Something hits you but does no damage. x2
Your unstable footing causes you to fumble your attack.
Something barely misses you.
You hit something. Something hits you but does no damage.
You miss something. Something hits you. Something barely misses you.
You hit something but do no damage. Something hits you but does no damage.
You hit something. Something hits you but does no damage.
Your unstable footing causes you to fumble your attack.
You hear some strange, mumbled words.
A puff of flame appears from out of thin air!
The puff of flame hits you! The fire burns you terribly!
Your unstable footing causes you to fumble your attack.
You are engulfed in a cloud of scalding steam.
Something hits you but does no damage. x2
Your chain mail prevents you from hitting something.
You are engulfed in a cloud of scalding steam.
You hear some strange, mumbled words.
A magic dart appears from out of thin air!
The magic dart hits you.
* * * LOW HITPOINT WARNING * * *
You miss something.
You are engulfed in a cloud of scalding steam.
You hear some strange, mumbled words.
A puff of flame appears from out of thin air!
The puff of flame hits you.
* * * LOW HITPOINT WARNING * * *
Your unstable footing causes you to fumble your attack.
You hear some strange, mumbled words.
A magic dart appears from out of thin air!
The magic dart hits you!
* * * LOW HITPOINT WARNING * * *
You hear some strange, mumbled words.
A magic dart appears from out of thin air!
The magic dart hits you!
You die...

≈####....###### ## #
≈≈≈#####......#### ≈≈
## .≈≈## ###........
#≈≈.##_##.≈≈#
#.........
##≈≈.#...#.≈≈##
#.........
#≈≈≈.#...#.≈≈≈#
#......... #≈≈.##
##.≈≈# #.........
#≈≈≈≈#'#≈≈≈≈#
#.........
###≈≈≈8.8@≈≈##
#......... #
####.##≈≈..{≈≈##
#......... #
#.....###8.8###
....... #
#.......#...# .......
## #.......#8)8###
....... .#
#.............###
......# .#
#...............##
....### .##
#........).......#
#### #.
..###................#
#.


There were no monsters in sight!

Vanquished Creatures
  A scorpion (D:4)
  A centaur skeleton (D:4)
  Natasha (thrice) (D:3)
  An orc wizard (D:4)
  A gnoll (D:1)
  An adder (D:3)
  2 dart slugs
  9 orcs
  5 ball pythons
  7 bats
  7 endoplasms
  2 giant cockroaches (D:1)
  7 hobgoblins
  3 jackals (D:3)
  11 kobolds
  2 frilled lizards
  6 goblins
  6 rats
75 creatures vanquished.

Vanquished Creatures (others)
  5 fungi (D:1)
  13 plants
18 creatures vanquished.

Grand Total: 93 creatures vanquished

Notes
Turn   | Place    | Note
-------+----------+-------------------------------------------
     0 | D:1      | siradein the Demonspawn Berserker began the quest for the
                  | Orb.
     0 | D:1      | Reached XP level 1. HP: 18/18 MP: 1/1
   369 | D:1      | Gained mutation: You sometimes gain a little power by
                  | taking damage. [demonic ancestry]
   369 | D:1      | Reached XP level 2. HP: 6/24 MP: 2/2
   381 | D:1      | Found a faded altar of an unknown god.
   688 | D:1      | Reached XP level 3. HP: 8/29 MP: 3/3
  1750 | D:2      | Reached ** piety under Trog
  2272 | D:3      | Reached XP level 4. HP: 33/35 MP: 4/4
  2615 | D:3      | Found a runed translucent gate.
  2616 | D:3      | Found Luthrokua's Antique Armour Emporium.
  2641 | D:3      | Found a runed translucent gate.
  2641 | D:3      | Found a runed translucent gate.
  2642 | D:3      | Found an opulent altar of Gozag.
  2642 | D:3      | Noticed a bullfrog
  2642 | D:3      | Noticed Encipher's ghost (amateur DrTm)
  2643 | D:3      | Noticed an ogre
  2678 | D:3      | Noticed Natasha
  2685 | D:3      | Killed Natasha
  2686 | D:3      | Noticed Natasha
  2696 | D:3      | Killed Natasha
  2697 | D:3      | Reached XP level 5. HP: 38/42 MP: 5/5
  2702 | D:3      | Noticed Natasha
  2707 | D:3      | Killed Natasha
  2820 | D:3      | Reached skill level 4 in Fighting
  3423 | D:4      | Gained mutation: You sometimes gain power by taking damage.
                  | [demonic ancestry]
  3423 | D:4      | Reached XP level 6. HP: 32/48 MP: 6/6
  3644 | D:4      | Found a shimmering blue altar of Sif Muna.
  3662 | D:4      | Killed from afar by an orc wizard

Illustrated notes

Levels and vault maps discovered:
D:1:      dpeg_cavernosity, layout_rooms,
          shapermc_ecumenical_altar_mp_urbaneastern,
          ebering_dispersal_statue_hall
D:2:      layout_basic, minmay_small_reverse_x
D:3:      layout_rooms, serial_curves, eino_curves_01, eino_curves_03,
          serial_shops, shop, ebering_ghost_gozag, serial_bayou_crossing,
          uniq_natasha
D:4:      layout_cave_pods, kennysheep_orc_sif_temple, serial_bayou_ford_a

Skill      XL: |  1  2  3  4  5 |
---------------+----------------+-----
Armour         | 2 3 |  3.2
Dodging        | 2 3 |  3.2
Axes           | 3 |  3.9
Fighting       | 4 |  4.3

Action                   |  1- 3 |  4- 6 || total
-------------------------+-------+-------++-------
Melee: Hand axe          |    61 |       ||    61
       Flail             |    69 |    96 ||   165
Invok: Berserk           |     2 |     1 ||     3
       Trog's Hand       |       |     1 ||     1
Armor: Scale mail        |    62 |    12 ||    74
       Plate armour      |    14 |    64 ||    78
       Chain mail        |       |    27 ||    27
Dodge: Dodged            |    64 |    55 ||   119

Table legend: (Time is in decaauts)
 A = Elapsed time spent in this place.
 B = Non-inter-level travel time spent in this place.
 C = Inter-level travel time spent in this place.
 D = Time resting spent in this place.
 E = Time spent auto-exploring this place.
 F = Levels seen in this place.
 G = Mean time per level.
                   A        B        C        D        E       F      G
               +--------+--------+--------+--------+--------+-----+--------+
         Total |   3769 |   3691 |     78 |     18 |   3043 |   4 |  942.2 |
       Dungeon |   3769 |   3691 |     78 |     18 |   3043 |   4 |  942.2 |
               +--------+--------+--------+--------+--------+-----+--------+

Top non-repeatable levels by time:
     D:1: 1419 daAuts
     D:3: 969 daAuts
     D:2: 883 daAuts
     D:4: 498 daAuts
